 Dungeon Crawl Stone Soup version 0.31-a0-236-g9a0961fb85 (webtiles) character file.

Game seed: 2106668448396683650

1901 cforsyth the Grappler (level 9, -5/83 HPs)
             Began as an Ogre Transmuter on July 10, 2023.
             Was a Believer of Okawaru.
             Shot with an arrow by a centaur (7 damage)
             ... on level 7 of the Dungeon.
             The game lasted 00:10:08 (7626 turns).

cforsyth the Grappler (Ogre Transmuter)             Turns: 7626, Time: 00:10:09

Health: -5/83      AC:  3    Str: 22    XL:     9   Next: 15%
Magic:  12/12      EV: 10    Int: 18    God:    Okawaru [**....]
Gold:   375        SH:  0    Dex:  9    Spells: 2/12 levels left

rFire   . .          .
                       - Unarmed
rCold   . . .        (no shield)
rNeg    . . .        a - +0 robe
rPois   +            (helmet restricted)
rElec   .            (no cloak)
rCorr   .            (gloves unavailable)
SInv    .            (boots unavailable)
Will    .....        t - amulet of magic regeneration
Stlth   +            n - ring of poison resistance
HPRegen 0.33/turn    q - +6 ring of strength
MPRegen 0.53/turn

%: no passive effects
@: no status effects
A: large, unfitting armour, tough skin 1
a: Renounce Religion, Heroism


You were on level 7 of the Dungeon.
You worshipped Okawaru.
Okawaru was pleased with you.
You visited 1 branch of the dungeon, and saw 7 of its levels.

You collected 375 gold pieces.

Inventory:

Armour
 a - a +0 robe (worn)
Jewellery
 n - a ring of poison resistance (left hand)
 q - a +6 ring of strength (right hand)
 r - an amulet of faith
 t - an amulet of magic regeneration (around neck)
 v - a ring of ice
Wands
 b - a wand of acid (19)
 i - a wand of digging (5)
 z - a wand of roots (7)
Scrolls
 c - 2 scrolls of enchant armour {unknown}
 e - 2 scrolls of enchant weapon {unknown}
 f - 2 scrolls of immolation {unknown}
 g - a scroll of blinking {unknown}
 h - 2 scrolls of teleportation
 k - a scroll of fear {unknown}
 l - a scroll of poison
 m - a scroll of fog {unknown}
 o - 2 scrolls of identify {unknown}
 p - a scroll of butterflies
 y - a scroll of torment {unknown}
Potions
 j - a potion of degeneration
 s - a potion of magic {unknown}
 u - 2 potions of invisibility {unknown}
 w - a potion of resistance {unknown}
 x - a potion of heal wounds {unknown}


   Skills:
 + Level 3.3 Fighting
 + Level 2.6 Dodging
 * Level 10.1 Unarmed Combat
 - Level 2.4 Spellcasting
 * Level 3.5 Transmutations


You had 2 spell levels left.
You knew the following spells:

 Your Spells              Type           Power      Damage    Failure   Level
a - Beastly Appendage     Tmut           28%        N/A       4%          1
b - Wereblood             Tmut           14%        N/A       6%          2
c - Spider Form           Tmut/Pois      8%         N/A       26%         3
d - Ice Form              Ice/Tmut       8%         N/A       63%         4

Your spell library contained the following spells:

 Spells                   Type           Power      Damage    Failure   Level
 Passwall                 Tmut/Erth      6%         N/A       13%         2
 Blink                    Tloc           4%         N/A       26%         2
 Ensorcelled Hibernation  Hex/Ice        4%         N/A       26%         2
 Swiftness                Air            2%         N/A       45%         3
 Manifold Assault         Tloc           2%         N/A       86%         4
 Iskenderun's Battlesphe  Conj           2%         2d6       99%         5
 Leda's Unmaking          Conj/Erth      1%         9d1       100%        6
 Storm Form               Tmut/Air       4%         N/A       100%        7
 Spellforged Servitor     Conj/Summ      Unusable   N/A       N/A         7

Dungeon Overview and Level Annotations

Branches:
Dungeon (7/15)             Temple (0/1) D:7

Altars:
Ashenzari
Hepliaklqana
Makhleb
Okawaru
Ru
Sif Muna
Uskayaw
Xom
Lugonu

Shops:
D:3 ?

Portals:
Abyss: D:1

Annotations:
D:1 2 runed translucent doors


Innate Abilities, Weirdness & Mutations

You are too large for most types of armour.
You have tough skin. (AC +1)


Message History

* * * LOW HITPOINT WARNING * * *
A centaur comes into view.
You hear a shout!
The orc warrior throws a boomerang.
The boomerang hits you!
* * * LOW HITPOINT WARNING * * *
The orc warrior throws a boomerang.
The boomerang closely misses you. The orc attacks as you move away!
The orc hits you with a +0 war axe.
* * * LOW HITPOINT WARNING * * *
The orc suddenly curses.
You feel better. The orc hits you with a +0 war axe.
* * * LOW HITPOINT WARNING * * *
The orc attacks as you move away! The orc hits you with a +0 war axe.
* * * LOW HITPOINT WARNING * * *
As you read the scroll labelled ROTSUCRUFEI, it crumbles to dust.
Nothing appears to happen.
It was a scroll of butterflies.
The orc warrior throws a boomerang.
The boomerang hits you.
* * * LOW HITPOINT WARNING * * *
The air fills with toxic fumes!
As you read the scroll labelled OBBUYG GACHOGI, it crumbles to dust.
It was a scroll of poison.
As you read the scroll labelled BIZAHA OTSEUMU, it crumbles to dust.
You feel strangely unstable.
It was a scroll of teleportation.
The orc warrior throws a boomerang.
The boomerang hits you.
* * * LOW HITPOINT WARNING * * *
Your surroundings suddenly seem different.
A white imp comes into view.
You feel better. The white imp gestures at you. The puff of frost hits you.
* * * LOW HITPOINT WARNING * * *
Found a club.
Found a stone staircase leading down.
Found a scroll labelled LYOSKY QEDGHEOSUI.
The white imp gestures at you. The puff of frost hits you!
* * * LOW HITPOINT WARNING * * *
A centaur comes into view.
The centaur shouts!
The centaur wields a +0 shortbow.
The centaur shoots an arrow.
The arrow hits you!
You die...

.............?..##..##........
#....................#
#..............5.#..##
#....................## ...
#.......... .... #.#........
....c###........
.......#.....##.
.......@.....# .....?.......#
................
.......>........
......##)......# ....##
#........ ..## ........# ..
.......


You could see a centaur and a white imp.

Vanquished Creatures
  Sigmund (D:2)
  Edmund (D:5)
  A water moccasin (D:4)
  An orc warrior (D:6)
  A sky beast (D:6)
  A black bear (D:7)
  2 ogres (D:5)
  A centaur (D:5)
  2 phantoms
  2 bullfrogs
  2 scorpions
  A howler monkey (D:5)
  2 jellies
  2 orc priests
  A hound (D:6)
  3 iguanas
  A sleepcap (D:6)
  3 orc wizards
  8 gnolls
  5 adders
  2 white imps
  5 dart slugs
  12 orcs
  12 ball pythons
  3 bats
  7 endoplasms
  2 giant cockroaches
  5 goblins
  5 hobgoblins
  9 jackals
  13 kobolds
  A quokka (D:4)
  5 frilled lizards
  8 rats
130 creatures vanquished.

Notes
Turn   | Place    | Note
-------+----------+-------------------------------------------
     0 | D:1      | cforsyth the Ogre Transmuter began the quest for the Orb.
     0 | D:1      | Reached XP level 1. HP: 19/19 MP: 3/3
    90 | D:1      | Found a large runed translucent door.
    90 | D:1      | Found a large runed translucent door.
    91 | D:1      | Noticed a quasit
    92 | D:1      | Found a one-way gate to the infinite horrors of the Abyss.
    92 | D:1      | Noticed a crimson imp
    92 | D:1      | Noticed an iron imp
    93 | D:1      | Noticed a crimson imp
    94 | D:1      | Reached skill level 3 in Unarmed Combat
    97 | D:1      | Found a corrupted altar of Lugonu.
    97 | D:1      | Noticed an iron imp
    98 | D:1      | Noticed an iron imp
   132 | D:1      | Reached XP level 2. HP: 24/27 MP: 3/5
   420 | D:1      | Found a faded altar of an unknown god.
   610 | D:1      | Reached XP level 3. HP: 33/33 MP: 4/6
  1120 | D:2      | Reached skill level 4 in Unarmed Combat
  1526 | D:2      | Reached XP level 4. HP: 41/41 MP: 5/7
  1539 | D:2      | Noticed Sigmund
  1689 | D:2      | Killed Sigmund
  1690 | D:2      | Reached skill level 5 in Unarmed Combat
  1690 | D:2      | Reached XP level 5. HP: 48/48 MP: 8/8
  2318 | D:3      | Reached XP level 6. HP: 54/55 MP: 9/9
  2420 | D:3      | Found a broken altar of Ashenzari.
  2429 | D:3      | Found a shimmering blue altar of Sif Muna.
  2466 | D:3      | Reached skill level 6 in Unarmed Combat
  2518 | D:3      | Learned a level 2 spell: Wereblood
  2522 | D:3      | Learned a level 3 spell: Spider Form
  3080 | D:3      | Found Bunuamoit's Magic Scroll Shoppe.
  3136 | D:3      | Found a hazy altar of Hepliaklqana.
  3738 | D:4      | Found an iron altar of Okawaru.
  3740 | D:4      | Noticed a water moccasin
  3766 | D:4      | Killed a water moccasin
  3767 | D:4      | Reached skill level 7 in Unarmed Combat
  3767 | D:4      | Reached XP level 7. HP: 34/62 MP: 10/10
  3939 | D:4      | Found a burning altar of Makhleb.
  4433 | D:5      | Entered Level 5 of the Dungeon
  4497 | D:4      | Became a worshipper of Warmaster Okawaru
  4807 | D:5      | Reached skill level 8 in Unarmed Combat
  4992 | D:5      | Found a shimmering altar of Xom.
  4992 | D:5      | Found a shimmering altar of Xom.
  4992 | D:5      | Found a shimmering altar of Xom.
  4993 | D:5      | Found a shimmering altar of Xom.
  4993 | D:5      | Found a shimmering altar of Xom.
  4994 | D:5      | Found a shimmering altar of Xom.
  5002 | D:5      | Reached XP level 8. HP: 70/70 MP: 9/11
  5113 | D:5      | Reached * piety under Okawaru
  5114 | D:5      | Reached skill level 9 in Unarmed Combat
  5417 | D:5      | Noticed Edmund
  5428 | D:5      | Killed Edmund
  5839 | D:5      | Learned a level 4 spell: Ice Form
  6459 | D:6      | Found a sacrificial altar of Ru.
  6501 | D:6      | Reached ** piety under Okawaru
  6828 | D:6      | Found a hide-covered altar of Uskayaw.
  6851 | D:6      | Reached skill level 10 in Unarmed Combat
  6851 | D:6      | Reached XP level 9. HP: 76/80 MP: 12/12
  7531 | D:7      | Found a staircase to the Ecumenical Temple.
  7625 | D:7      | HP: 2/83 [white imp/puff of frost (7)]
  7626 | D:7      | Shot with an arrow by a centaur

Illustrated notes

Levels and vault maps discovered:
D:1:      erik_arrival_cave_to_civilisation [erik_arrival_cave_to_temple],
          layout_basic, chequers_ecumenical_altar_simple_redux
D:2:      layout_loops_cross, minmay_stone_trees_large, minmay_misc_feat_plants,
          uniq_sigmund
D:3:      kb_forest_paths, layout_basic, mainiacjoe_overflow_alcove_1,
          amethyst_overflow_temple_binary, serial_shops, shop,
          nicolae_elevator_lobby_plus
D:4:      layout_basic, okawaru_gym_becter, kennysheep_little_box,
          kennysheep_decorative_pillar, kennysheep_cluttered_room
D:5:      layout_loops_ring, xom_redecorated, uniq_edmund
D:6:      layout_layer_cave, old_standard_altar, mainiacjoe_overflow_paths
D:7:      layout_cave_pools, nicolae_qazlal_scattered_showers,
          minmay_temple_entry_glassed_door

Skill      XL: |  1  2  3  4  5  6  7  8  9 |
---------------+----------------------------+-----
Unarmed Combat | 3 4 5 7 8 10 | 10.1
Transmutations | 3 |  3.5
Fighting       | 2 3 |  3.3
Dodging        | 2 |  2.6
Spellcasting   | |  2.4

Action                     |  1- 3 |  4- 6 |  7- 9 || total
---------------------------+-------+-------+-------++-------
  Melee: Unarmed           |    92 |   108 |   159 ||   359
         Kick              |    19 |    17 |    20 ||    56
         Headbutt          |    14 |     9 |    11 ||    34
         Punch             |     3 |     1 |     2 ||     6
   Cast: Beastly Appendage |    29 |    34 |    18 ||    81
         Spider Form       |       |     3 |    14 ||    17
         Wereblood         |       |     2 |     8 ||    10
    Use: Potion            |       |     4 |     2 ||     6
         Scroll            |       |       |     3 ||     3
 Armour: Robe              |    16 |    27 |    12 ||    55
         Skin              |       |     8 |     6 ||    14
  Dodge: Dodged            |    30 |    52 |    96 ||   178

Table legend: (Time is in decaauts)
 A = Elapsed time spent in this place.
 B = Non-inter-level travel time spent in this place.
 C = Inter-level travel time spent in this place.
 D = Time resting spent in this place.
 E = Time spent auto-exploring this place.
 F = Levels seen in this place.
 G = Mean time per level.
                   A        B        C        D        E       F      G
               +--------+--------+--------+--------+--------+-----+--------+
         Total |   7583 |   7247 |    336 |    790 |   5487 |   7 | 1083.3 |
       Dungeon |   7583 |   7247 |    336 |    790 |   5487 |   7 | 1083.3 |
               +--------+--------+--------+--------+--------+-----+--------+

Top non-repeatable levels by time:
     D:6: 1576 daAuts
     D:4: 1303 daAuts
     D:1: 1195 daAuts
     D:3: 1146 daAuts
     D:5: 1142 daAuts
     D:2: 1079 daAuts
     D:7: 141 daAuts
